AoeStats
← godissixyearold

Glade

510501901Analyzed
1v1 RM · 2d ago on Oct 1, 2026· 36m 50s· 2 players
Game mode
Random Map
Map size
Tiny (2 player)
Population
200
Speed
Normal
Resources
Standard
Victory
Conquest
Starting age
Dark Age
Ending age
Imperial Age
RankedLock teamsTeams togetherTeam positionsShared explorationLock speedFull tech treeHidden civsTurbo modeCheats
Victory
Defeat
🇹🇼 Britons · Taiwan
1092
+16
🇩🇪 Khmer · Germany
1099
-16
godissixyearold
8:58 Feudal Age
9:28 Double-Bit Axe
12:45 Fletching
21:33 Castle Age
20:34 Gold Mining
21:45 Crossbowman
22:47 Bodkin Arrow
22:53 Padded Archer Armor
26:40 Forging
26:30 Scale Mail Armor
26:37 Scale Barding Armor
30:37 Ballistics
34:06 Bow Saw
35:04 Gold Shaft Mining
34:15 Light Cavalry
34:59 Husbandry
King_Slayyyer23
12:26 Feudal Age
13:25 Loom
16:08 Castle Age
17:56 Husbandry
18:06 Bloodlines
19:31 Elite Skirmisher
20:28 Scale Barding Armor
20:33 Forging
23:16 Fletching
24:23 Double-Bit Axe
26:15 Bodkin Arrow
34:04 Stone Mining
Connection lost

Rejoining the realm…

Still unreachable

The connection could not be restored.

Session expired

The server has moved on; the page needs a fresh start.